 Dungeon Crawl Stone Soup version 0.21-a0-538-gd16b88a (webtiles) character file.

5156 hairmachine the Destroyer (level 10, -2/56 HPs)
             Began as a Deep Elf Fire Elementalist on Dec 15, 2017.
             Was a Follower of Vehumet.
             Slain by a yak (17 damage)
             ... on level 9 of the Dungeon.
             The game lasted 00:54:22 (11125 turns).

hairmachine the Destroyer (DEFE)                   Turns: 11125, Time: 00:54:23

Health: -2/56      AC:  7    Str:  5    XL:     10   Next: 33%
Magic:  13/24      EV: 13    Int: 24    God:    Vehumet [*.....]
Gold:   500        SH:  0    Dex: 15    Spells: 7/26 levels left

rFire    . . .     SeeInvis .   s - +2 dagger (venom)
rCold    . . .     Gourm    .   (no shield)
rNeg     . . .     Faith    +   a - +0 robe
rPois    .         Spirit   .   (no helmet)
rElec    .         Reflect  .   (no cloak)
rCorr    .         Harm     .   (no gloves)
MR       ++...                  i - +0 pair of boots
Stlth    ++........             M - amulet of faith
HPRegen  0.18/turn              p - ring of protection from magic
MPRegen  0.19/turn              r - +4 ring of protection

@: about to teleport
A: no striking features
a: Renounce Religion


You were on level 9 of the Dungeon.
You worshipped Vehumet.
Vehumet was aware of your devotion.
You were not hungry.

You visited 3 branches of the dungeon, and saw 11 of its levels.

You collected 500 gold pieces.

Inventory:

Hand Weapons
 q - a +1 rapier of flaming
 s - a +2 dagger of venom (weapon)
Missiles
 e - 191 stones (quivered)
Armour
 a - a +0 robe (worn)
 i - a +0 pair of boots (worn)
 t - the +1 leather armour "Xoimol" {+Blink Int+2}
   (You took it off an orc wizard on level 4 of the Dungeon)

   It affects your intelligence (+2).
   It lets you blink.
 E - a +0 pair of gloves
Jewellery
 p - a ring of protection from magic (left hand)
 r - a +4 ring of protection (right hand)
 K - an uncursed ring of protection from magic
 M - an amulet of faith (around neck)
Wands
 k - a wand of polymorph (19)
Scrolls
 f - 2 scrolls of immolation
 g - a scroll of identify
 j - 2 scrolls of teleportation
 n - a scroll of remove curse
 o - 2 scrolls of amnesia
 y - a scroll of enchant armour {unknown}
 H - a scroll of magic mapping {unknown}
 I - a scroll of fog {unknown}
Potions
 d - a potion of invisibility
 h - 5 potions of curing
 m - 2 potions of haste {unknown}
 u - 2 potions of brilliance {unknown}
 v - 4 potions of flight
 A - a potion of agility {unknown}
 B - 2 potions of degeneration {unknown}
 C - a potion of berserk rage {unknown}
 F - 2 potions of heal wounds {unknown}
 L - a potion of lignification {unknown}
Books
 b - a book of Flames

   Spells                             Type                      Level
   a - Flame Tongue                   Conjuration/Fire             1
   b - Throw Flame                    Conjuration/Fire             2
   c - Conjure Flame                  Conjuration/Fire             3
   d - Inner Flame                    Hexes/Fire                   3
   e - Sticky Flame                   Conjuration/Fire             4
   f - Fireball                       Conjuration/Fire             5
 G - a book of Callings

   Spells                             Type                      Level
   a - Summon Small Mammal            Summoning                    1
   b - Call Imp                       Summoning                    2
   c - Call Canine Familiar           Summoning                    3
   d - Summon Guardian Golem          Hexes/Summoning              3
   e - Summon Lightning Spire         Summoning/Air                4
   f - Summon Ice Beast               Ice/Summoning                4
 J - a book of Ice

   Spells                             Type                      Level
   a - Ice Form                       Ice/Transmutation            4
   b - Metabolic Englaciation         Hexes/Ice                    5
   c - Ozocubu's Refrigeration        Ice                          6
   d - Bolt of Cold                   Conjuration/Ice              6
   e - Freezing Cloud                 Conjuration/Ice/Air          6
   f - Simulacrum                     Ice/Necromancy               6
Comestibles
 c - 6 bread rations
 l - 14 fruits
 w - 6 chunks of flesh
 x - 2 meat rations
 D - a royal jelly


   Skills:
 + Level 3.3 Fighting
 + Level 3.1 Dodging
 - Level 2.4 Stealth
 - Level 8.8 Spellcasting
 - Level 10.6 Conjurations
 + Level 4.4 Summonings
 + Level 9.0 Fire Magic
 + Level 1.3 Air Magic


You had 7 spell levels left.
You knew the following spells:

 Your Spells              Type           Power        Failure   Level  Hunger
a - Flame Tongue          Conj/Fire      #####        1%          1    None
b - Throw Flame           Conj/Fire      ######       1%          2    None
c - Conjure Flame         Conj/Fire      ######..     1%          3    None
d - Sticky Flame          Conj/Fire      ######..     1%          4    ##.....
e - Fireball              Conj/Fire      ######....   2%          5    ####...
f - Summon Lightning Spi  Summ/Air       ###.....     19%         4    ##.....


Dungeon Overview and Level Annotations

Branches:
Dungeon (9/15)             Temple (1/1) D:7            Lair (1/6) D:8
    Orc: D:9-12

Altars:
Ashenzari
Cheibriados
Dithmenos
Elyvilon
Fedhas
Gozag
Hepliaklqana
Kikubaaqudgha
Makhleb
Nemelex Xobeh
Okawaru
Qazlal
Ru
Sif Muna
Trog
Uskayaw
Vehumet
Wu Jian
Xom
Yredelemnul
Zin
The Shining One

Shops:
D:6 [

Annotations:
D:4 exclusion: downstairs
D:7 exclusion: 2 downstairs
D:8 exclusion: downstairs


Message History

Aiming: Sticky Flame
Press: ? - help, Shift-Dir - straight line, f/p - yak
Aim: a yak (heavily wounded)
The sticky flame hits the yak.
The yak is heavily wounded.
The yak is covered in liquid flames!
The yak burns!
The yak gores you!
Casting: Sticky Flame
Confirm with . or Enter, or press ? or * to list all spells.
Aiming: Sticky Flame
Press: ? - help, Shift-Dir - straight line, f/p - yak
Aim: a yak (heavily wounded, covered in liquid flames)
The sticky flame hits the yak.
The yak is severely wounded.
The yak is covered in liquid flames!
The yak burns!
The yak gores you!
* * * LOW HITPOINT WARNING * * *
The yak gores you.
* * * LOW HITPOINT WARNING * * *
The yak barely misses you.
You feel better.
The yak burns!
The yak gores you!
You die...

#.........# #...
#.........# ####
#######'### #...#
####.#### #.......#
######## #.......###
#......### ###
#.........##
#........# #..
#.......#Y@###......#
#..
#.......##YY!ยง......#
#..
.........######......#
#.> ###.......#
#......# .#..
###.##### #####.##
#.... #. #.# ###.. #
##.# ### ##..# # #..##
#


You could see 3 yaks.

Vanquished Creatures
  A hydra (Lair:1)
  A two-headed ogre (D:8)
  Eustachio (D:4)
  A spriggan (D:8)
  4 yaks (D:9)
  Menkaure (D:5)
  2 wargs (D:8)
  2 water moccasins (Lair:1)
  An orc warrior (D:8)
  An ice beast (D:6)
  A necrophage (D:5)
  2 phantoms
  A sky beast (D:8)
  An ogre (D:4)
  A crocodile (Lair:1)
  8 bullfrogs
  3 scorpions
  2 howler monkeys
  3 jellies
  2 bullfrog zombies
  3 hounds
  2 orc priests (D:8)
  A gnoll shaman (D:6)
  A centaur skeleton (D:5)
  4 orc wizards
  10 worker ants
  A worker ant zombie (D:6)
  8 gnolls
  6 adders
  A howler monkey skeleton (D:4)
  2 shadow imps (D:7)
  A white imp (D:7)
  An ooze (D:7)
  An adder zombie (D:4)
  2 worms (D:2)
  4 leopard geckos
  13 orcs
  4 giant cockroaches
  10 goblins
  8 hobgoblins
  9 jackals
  6 quokkas
  A ball python (D:2)
  10 bats
  9 frilled lizards
  9 kobolds
  7 rats
173 creatures vanquished.

Vanquished Creatures (others)
  25 plants (Lair:1)
25 creatures vanquished.

Grand Total: 198 creatures vanquished

Notes
Turn   | Place    | Note
-------+----------+-------------------------------------------
     0 | D:1      | hairmachine the Deep Elf Fire Elementalist began the quest for the Orb.
     0 | D:1      | Reached XP level 1. HP: 10/10 MP: 6/6
   289 | D:1      | Reached XP level 2. HP: 11/15 MP: 1/8
   364 | D:1      | Learned a level 2 spell: Throw Flame
   578 | D:1      | Reached skill level 2 in Conjurations
  1152 | D:1      | Reached XP level 3. HP: 12/19 MP: 2/10
  1414 | D:1      | Learned a level 3 spell: Conjure Flame
  1532 | D:2      | Found a basalt altar of Yredelemnul.
  1874 | D:2      | Reached skill level 3 in Conjurations
  2253 | D:2      | Reached XP level 4. HP: 24/24 MP: 8/11
  2283 | D:2      | Learned a level 4 spell: Sticky Flame
  3356 | D:4      | Noticed an ogre
  3367 | D:4      | Killed an ogre
  3367 | D:4      | Reached skill level 4 in Conjurations
  3367 | D:4      | Reached XP level 5. HP: 28/28 MP: 3/13
  3705 | D:4      | Noticed Eustachio
  3863 | D:4      | Got an ichor-stained leather armour
  4029 | D:4      | Identified the +1 leather armour "Xoimol" {+Blink Int+2} (You took it off an orc wizard on level 4 of the Dungeon)
  4221 | D:4      | Reached skill level 5 in Spellcasting
  4221 | D:4      | Reached XP level 6. HP: 27/32 MP: 6/15
  4336 | D:4      | Killed Eustachio
  4336 | D:4      | Reached skill level 5 in Conjurations
  4652 | D:5      | Entered Level 5 of the Dungeon
  4655 | D:5      | Noticed Menkaure
  4706 | D:5      | Reached skill level 5 in Fire Magic
  5325 | D:5      | Reached XP level 7. HP: 34/36 MP: 12/17
  5491 | D:5      | Reached skill level 6 in Conjurations
  5754 | D:5      | Killed Menkaure
  6063 | D:6      | Reached skill level 7 in Conjurations
  6174 | D:6      | Reached XP level 8. HP: 41/41 MP: 11/20
  6331 | D:6      | Learned a level 5 spell: Fireball
  6691 | D:6      | Found Voudogim's Antique Armour Shop.
  6976 | D:6      | Found a burning altar of Makhleb.
  6976 | D:6      | Found a shattered altar of Ashenzari.
  7304 | D:7      | Found a staircase to the Ecumenical Temple.
  7386 | Temple   | Entered the Ecumenical Temple
  7450 | Temple   | Became a worshipper of Vehumet
  7514 | D:7      | Reached skill level 8 in Conjurations
  7918 | D:7      | Found a hazy altar of Hepliaklqana.
  8438 | D:8      | Learned a level 4 spell: Summon Lightning Spire
  8549 | D:8      | Reached skill level 9 in Conjurations
  8622 | D:8      | Noticed a two-headed ogre
  8745 | D:8      | Killed a two-headed ogre
  8745 | D:8      | Reached XP level 9. HP: 45/45 MP: 11/23
  8820 | D:8      | Reached * piety under Vehumet
  8820 | D:8      | Offered knowledge of Sandblast by Vehumet.
  8974 | D:8      | Reached skill level 1 in Summonings
  9008 | D:8      | Reached skill level 1 in Fighting
  9008 | D:8      | Reached skill level 10 in Conjurations
  9348 | D:8      | Found a staircase to the Lair.
  9721 | D:8      | Found a shadowy altar of Dithmenos.
  9721 | D:8      | Found an opulent altar of Gozag.
  9955 | Lair:1   | Entered Level 1 of the Lair of Beasts
 10386 | D:9      | Noticed a two-headed ogre
 10443 | Lair:1   | Noticed an eight-headed hydra
 10454 | Lair:1   | Killed an eight-headed hydra
 10454 | Lair:1   | Reached XP level 10. HP: 11/55 MP: 15/24
 10496 | Lair:1   | Noticed a spiny frog
 10950 | D:9      | Reached skill level 1 in Air Magic
 11125 | D:9      | Slain by a yak

Vault maps used:
D:1:      minmay_arrival_stone_box, corexii_item_surrounded_by_moat
D:2:      yredelemnul_altar_generic
D:3:      first_bread
D:4:      minmay_tree_intersection, uniq_eustachio
D:5:      uniq_menkaure
D:6:      grunt_temple_overflow_open, serial_shops, nicolae_shop_waterfront
D:7:      lemuel_doored_altar, minmay_temple_entry_glass
D:8:      gammafunk_temple_overflow_wave, erik_lair_orcish_takeover, the_bakery,
          minmay_misc_feat_encased
Temple:   nicolae_temple_elliptical
Lair:1:   serial_bayou_lagoon_a, nicolae_quartered_pool_medium,
          lemuel_fruit_tree

Skill      XL: |  1  2  3  4  5  6  7  8  9 10 |
---------------+-------------------------------+-----
Conjurations   | 2 3 4 5 7 9 10 | 10.6
Spellcasting   | 4 5 6 8 |  8.8
Fire Magic     | 4 5 6 7 8 9 |  9.0
Summonings     | 4 |  4.4
Fighting       | 2 3 |  3.3
Dodging        | 3 |  3.1
Air Magic      | 1 |  1.3
Stealth        | |  2.4

Action                   |  1- 3 |  4- 6 |  7- 9 | 10-12 || total
-------------------------+-------+-------+-------+-------++-------
Melee: Rapier            |       |     7 |     1 |       ||     8
       Long sword        |       |     1 |       |       ||     1
       Dagger            |       |       |     5 |     2 ||     7
Throw: Stone             |     5 |       |       |       ||     5
 Cast: Flame Tongue      |    76 |    44 |   126 |    23 ||   269
       Throw Flame       |    14 |    39 |    65 |     4 ||   122
       Conjure Flame     |       |     2 |    16 |     3 ||    21
       Sticky Flame      |       |     2 |    17 |     3 ||    22
       Fireball          |       |       |     1 |     1 ||     2
Evoke: Wand              |       |       |     2 |       ||     2
  Use: Scroll            |       |     1 |     7 |     1 ||     9
       Potion            |       |       |       |     1 ||     1
 Stab: Sleeping          |       |     1 |       |       ||     1
  Eat: Chunk             |     4 |     7 |    15 |     3 ||    29
       Bread ration      |       |     1 |       |       ||     1
Armor: Robe              |     9 |     6 |     8 |     1 ||    24
Dodge: Dodged            |    23 |    17 |    21 |     1 ||    62

Table legend:
 A = Spawn XP
 B = Non-spawn XP
 C = Spawn XP percentage of total XP
 D = Spawn monster count
 E = Non-spawn monster count
 F = Spawn count percentage of total count
 G = Total turns spent on level
                    A         B        C        D         E        F      G
               +---------+---------+-------+---------+---------+-------+---------
         Total |       0 |    7366 |   0.0 |       0 |     173 |   0.0 | 11125
               +---------+---------+-------+---------+---------+-------+---------
           D:1 |       0 |      48 |   0.0 |       0 |      31 |   0.0 |  1415
           D:2 |       0 |      67 |   0.0 |       0 |      22 |   0.0 |  1164
           D:3 |       0 |      20 |   0.0 |       0 |      13 |   0.0 |   763
           D:4 |       0 |     461 |   0.0 |       0 |      14 |   0.0 |  1534
           D:5 |       0 |     599 |   0.0 |       0 |      12 |   0.0 |  1250
           D:6 |       0 |     668 |   0.0 |       0 |      23 |   0.0 |  1161
           D:7 |       0 |     394 |   0.0 |       0 |      14 |   0.0 |  1039
           D:8 |       0 |    2676 |   0.0 |       0 |      31 |   0.0 |  1845
           D:9 |       0 |     964 |   0.0 |       0 |       8 |   0.0 |   392
        Lair:1 |       0 |    1469 |   0.0 |       0 |       5 |   0.0 |   438
               +---------+---------+-------+---------+---------+-------+---------
